 Dungeon Sprint DCSS version 0.22.1-1-ga44c0e5 (webtiles) character file.

296 nixmar the Carver (level 6, 0/57 HPs)
             Began as a Demonspawn Berserker on Oct 21, 2018.
             Was a Believer of Trog.
             Succumbed to Sonja's curare-tipped needle
             ... in the Dungeon (Sprint I: "Red Sonja").
             The game lasted 00:02:01 (505 turns).

nixmar the Carver (Demonspawn Berserker)             Turns: 505, Time: 00:02:02

Health: 0/57       AC:  2    Str: 19    XL:     6   Next: 12%
Magic:  6/6        EV: 18    Int:  8    God:    Trog [**....]
Gold:   162        SH:  0    Dex: 20    Spells: 5/5 levels left

rFire    . . .     SeeInvis .   a - +0 falchion
rCold    . . .     Gourm    .   (no shield)
rNeg     . . .     Faith    .   b - +0 animal skin
rPois    .         Spirit   .   (helmet restricted)
rElec    .         Reflect  .   (no cloak)
rCorr    .         Harm     .   (no gloves)
MR       .....     NoTele   +   (no boots)
Stlth    ++++......             (no amulet)
HPRegen  0.19/turn              (no ring)
MPRegen  0.10/turn              (no ring)

@: agile, lethally poisoned (0 -> -10), berserk cooldown, slowed, very slow
A: antennae 1, thin skeletal structure 1, powered by pain 2
a: Berserk, Trog's Hand, Renounce Religion


You were in the Dungeon.
You worshipped Trog.
Trog was pleased with you.
You were hungry.

You visited 1 branch You collected 162 gold pieces.

Inventory:

Hand Weapons
 a - a +0 falchion (weapon)
Armour
 b - a +0 animal skin (worn)
 k - a +0 scale mail
Wands
 j - a wand of polymorph (8)
 l - a wand of random effects (21)
Scrolls
 i - a scroll of blinking
 m - a scroll of remove curse {unknown}
Potions
 d - a potion of curing
 e - a potion of heal wounds
 f - a potion of haste
 g - 2 potions of magic
 h - a potion of berserk rage
Comestibles
 c - 2 rations


   Skills:
 + Level 8.5 Fighting
 + Level 9.4 Long Blades
 + Level 2.0 Armour
 + Level 2.0 Dodging
 + Level 1.6 Stealth


You had 5 spell levels left.
You didn't know any spells.
Your spell library was empty.

Dungeon Overview and Level Annotations

Branches:
Dungeon (1/1)

Altars:
Sif Muna
Vehumet
Wu Jian

Annotations:
D Sonja


Innate Abilities, Weirdness & Mutations

You have a pair of small antennae on your head.
You have a somewhat thin skeletal structure. (Dex +2, Stealth)
You sometimes gain power by taking damage.


Message History

Sonja hits you with an uncursed short sword of distortion.
You feel a strange sense of stasis.
You miss Sonja.
You feel sick.
Sonja hits you with an uncursed short sword of distortion.
* * * LOW HITPOINT WARNING * * *
Space bends around you.
* * * LOW HITPOINT WARNING * * *
Sonja misses you. Sonja closely misses you.
You closely miss Sonja.
You are no longer berserk.
You are exhausted.
You feel as though you will be slow longer.
You feel sick.
Sonja hits you with an uncursed short sword of distortion!
* * * LOW HITPOINT WARNING * * *
You feel a strange sense of stasis. Sonja closely misses you.
Sonja completely misses you.
Unknown command.
You barely miss Sonja.
You die...

#..#####'#####'#
#..# #..# #.#
#..# #### ##(#
#..# #+#_.+ #⌠⌠#
+(.._# ####
#_(#'# ##'#.#
##(###


+$@$+ #$.K# ##.## #+# You could see Sonja.

Vanquished Creatures
  Sigmund (D)
  An ogre (D)
  A jelly (D)
  Ijyb (D)
4 creatures vanquished.

Notes
Turn   | Place    | Note
-------+----------+-------------------------------------------
     0 | D        | nixmar the Demonspawn Berserker began the quest for the
                  | Orb.
     0 | D        | Reached XP level 1. HP: 18/18 MP: 1/1
     1 | D        | Noticed Ijyb
     9 | D        | Killed Ijyb
     9 | D        | Reached skill level 5 in Long Blades
     9 | D        | Gained mutation: You sometimes gain a little power by
                  | taking damage. [demonic ancestry]
     9 | D        | Reached XP level 2. HP: 24/24 MP: 2/2
    39 | D        | Noticed an ogre
    44 | D        | Killed an ogre
    44 | D        | Reached skill level 5 in Fighting
    44 | D        | Reached skill level 7 in Long Blades
    44 | D        | Reached XP level 3. HP: 19/34 MP: 3/3
    44 | D        | Gained mutation: You have a somewhat thin skeletal
                  | structure. (Dex +2, Stealth) [demonic ancestry]
    44 | D        | Reached XP level 4. HP: 22/40 MP: 4/4
    57 | D        | Noticed Sigmund
   231 | D        | Killed Sigmund
   231 | D        | Reached ** piety under Trog
   231 | D        | Reached skill level 9 in Long Blades
   231 | D        | Reached skill level 1 in Stealth
   231 | D        | Gained mutation: You sometimes gain power by taking damage.
                  | [demonic ancestry]
   231 | D        | Reached XP level 5. HP: 33/49 MP: 0/5
   231 | D        | Gained mutation: You have a pair of small antennae on your
                  | head. [demonic ancestry]
   231 | D        | Reached XP level 6. HP: 38/56 MP: 0/6
   400 | D        | Found an ornate altar of the Wu Jian Council.
   400 | D        | Found a deep blue altar of Sif Muna.
   402 | D        | Found a radiant altar of Vehumet.
   496 | D        | Noticed Sonja
   504 | D        | HP: 2/57 [Sonja/uncursed short sword of distortion (13)]
   505 | D        | Succumbed to Sonja's curare-tipped needle

Skill      XL: |  1  2  3  4  5  6 |
---------------+-------------------+-----
Long Blades    | 5 7 9 |  9.4
Fighting       | 5 8 |  8.5
Stealth        | 1 |  1.6
Armour         | 2 |  2.0
Dodging        | 2 |  2.0

Action                   |  1- 3 |  4- 6 || total
-------------------------+-------+-------++-------
Melee: Falchion          |     9 |    17 ||    26
Invok: Berserk           |     2 |     2 ||     4
 Stab: Sleeping          |       |     1 ||     1
  Eat: Chunk             |       |     2 ||     2
Armor: Animal skin       |     1 |       ||     1
Dodge: Dodged            |     2 |    11 ||    13
